TOP OF THE 1ST |
Las Vegas 51s batting - Pitching for Colorado Springs Sky Sox : RHP Victor Castillo
|
Pitching: RHP Victor Castillo
|
|
Batting: SHB Jason Larson
|
0-0: Foul Ball, location: 2F 0-1: Ball 1-1: Ground out 6-3 (Groundball, 4MS, EV 87.5 MPH)
|
Batting: RHB Ken Fitzpatrick
|
0-0: Ball 1-0: Fly out, F9 (Line Drive, 9S, EV 84.4 MPH)
|
Batting: RHB Josh Jones
|
0-0: Ground out 3-1 (Groundball, 34S, EV 89.4 MPH)
|
Top of the 1st over - 0 runs, 0 hits, 0 errors, 0 left on base; Las Vegas 0 - Colorado Springs 0 |
BOTTOM OF THE 1ST |
Colorado Springs Sky Sox batting - Pitching for Las Vegas 51s : LHP Mike Capers
|
Pitching: LHP Mike Capers
|
|
Batting: LHB Greg Valenzuela
|
0-0: Ground out 5-3 (Groundball, 5, EV 91.2 MPH)
|
Pitching: RHP Brian Wood
|
|
Batting: RHB Juan Figueroa
|
0-0: Called Strike 0-1: Foul Ball, location: 2F 0-2: Ball 1-2: Ball 2-2: Foul Ball, location: 2F 2-2: Foul Ball, location: 2F 2-2: Strikes out swinging
|
Batting: RHB Mike McElroy
|
0-0: Ball 1-0: Foul Ball, location: 2F 1-1: Foul Ball, location: 2F 1-2: Ball 2-2: Ball 3-2: Fly out, F9 (Flyball, 89M, EV 96.2 MPH)
|
Bottom of the 1st over - 0 runs, 0 hits, 0 errors, 0 left on base; Las Vegas 0 - Colorado Springs 0 |
TOP OF THE 2ND |
Las Vegas 51s batting - Pitching for Colorado Springs Sky Sox : RHP Victor Castillo
|
Batting: LHB Bill Armijo
|
0-0: Ball 1-0: Called Strike 1-1: Called Strike 1-2: Ball 2-2: Fly out, F7 (Flyball, 7, EV 96.9 MPH)
|
Batting: SHB Nelson Powell
|
0-0: Ball 1-0: Ball 2-0: Ball 3-0: Base on Balls
|
Batting: LHB Jose Chavez
|
0-0: Called Strike 0-1: Ball 1-1: Foul Ball, location: 2F 1-2: Strikes out swinging
|
Batting: RHB Zhao-ying Joe
|
0-0: Called Strike 0-1: Called Strike Nelson Powell steals 2nd base 0-2: Ground out 5-3 (Groundball, 5L, EV 85.6 MPH)
|
Top of the 2nd over - 0 runs, 0 hits, 0 errors, 1 left on base; Las Vegas 0 - Colorado Springs 0 |
BOTTOM OF THE 2ND |
Colorado Springs Sky Sox batting - Pitching for Las Vegas 51s : RHP Brian Wood
|
Batting: RHB Maurice Moore
|
0-0: Ball 1-0: Called Strike 1-1: Ground out 3-1 (Groundball, 13, EV 81.2 MPH)
|
Batting: SHB Bobby Santor
|
0-0: Ball 1-0: Ground out 1-3 (Groundball, 13S, EV 66.2 MPH)
|
Batting: LHB Michael Krott
|
0-0: Foul Ball, location: 2F 0-1: Called Strike 0-2: Ball 1-2: Strikes out swinging
|
Bottom of the 2nd over - 0 runs, 0 hits, 0 errors, 0 left on base; Las Vegas 0 - Colorado Springs 0 |
TOP OF THE 3RD |
Las Vegas 51s batting - Pitching for Colorado Springs Sky Sox : RHP Victor Castillo
|
Batting: RHB Roger Renteria
|
0-0: Ball 1-0: Called Strike 1-1: Ball 2-1: Fly out, F6 (Popup, 6, EV 75.6 MPH)
|
Batting: RHB Alex Vasquez
|
0-0: Called Strike 0-1: Ball 1-1: SINGLE (Groundball, 56S, EV 72.5 MPH) (infield hit)
|
Batting: SHB Jason Larson
|
0-0: Called Strike 0-1: SINGLE (Groundball, 4MD, EV 114.4 MPH) Alex Vasquez to second
|
Batting: RHB Ken Fitzpatrick
|
0-0: Ball 1-0: Grounds into double play, 2-4-3 (Groundball, 2L, EV 66.2 MPH)
|
Top of the 3rd over - 0 runs, 2 hits, 0 errors, 1 left on base; Las Vegas 0 - Colorado Springs 0 |
BOTTOM OF THE 3RD |
Colorado Springs Sky Sox batting - Pitching for Las Vegas 51s : RHP Brian Wood
|
Batting: RHB Eduardo Camacho
|
0-0: Ball 1-0: Ground out 4-3 (Groundball, 4S, EV 88.8 MPH)
|
Batting: RHB John Boyer
|
0-0: Called Strike 0-1: Called Strike 0-2: Ball 1-2: Strikes out swinging
|
Batting: LHB Luke Coulter
|
0-0: Ball 1-0: Ball 2-0: Ball 3-0: Called Strike 3-1: SINGLE (Line Drive, 8RS, EV 89.4 MPH)
|
Batting: LHB Greg Valenzuela
|
0-0: Ball Luke Coulter is caught stealing 2nd base 2-6
|
Bottom of the 3rd over - 0 runs, 1 hit, 0 errors, 0 left on base; Las Vegas 0 - Colorado Springs 0 |
TOP OF THE 4TH |
Las Vegas 51s batting - Pitching for Colorado Springs Sky Sox : RHP Victor Castillo
|
Batting: RHB Josh Jones
|
0-0: Ball 1-0: Ball 2-0: Foul Ball, location: 2F 2-1: Foul Ball, location: 2F 2-2: Foul Ball, location: 2F 2-2: Ball 3-2: SINGLE (Line Drive, 6MD, EV 93.8 MPH)
|
Batting: LHB Bill Armijo
|
0-0: Ball 1-0: Ball 2-0: Ball 3-0: Called Strike 3-1: Base on Balls Josh Jones to second
|
Batting: SHB Nelson Powell
|
0-0: Called Strike 0-1: Fly out, F7 (Flyball, 78M, EV 87.5 MPH)
|
Batting: LHB Jose Chavez
|
0-0: Called Strike 0-1: Called Strike 0-2: Ball Wild Pitch! Josh Jones to third Bill Armijo to second 1-2: Ball 2-2: Ball 3-2: Foul Ball, location: 2F 3-2: Base on Balls
|
Batting: RHB Zhao-ying Joe
|
0-0: Ball 1-0: Called Strike 1-1: Fly out, F9 (Flyball, 9, EV 83.1 MPH)
|
Batting: RHB Roger Renteria
|
0-0: Ball 1-0: Ball 2-0: Swinging Strike 2-1: Ball 3-1: Reached on error, E6 (Groundball, 6, EV 108.1 MPH) Josh Jones scores Bill Armijo to third Jose Chavez to second
|
Batting: RHB Alex Vasquez
|
0-0: Ball 1-0: Called Strike 1-1: Foul Ball, location: 2F 1-2: Strikes out swinging
|
Top of the 4th over - 1 run, 1 hit, 1 error, 3 left on base; Las Vegas 1 - Colorado Springs 0 |
BOTTOM OF THE 4TH |
Colorado Springs Sky Sox batting - Pitching for Las Vegas 51s : RHP Brian Wood
|
Batting: LHB Greg Valenzuela
|
0-0: Foul Ball, location: 2F 0-1: Ball 1-1: Ball 2-1: Ground out U3 (Groundball, 3, EV 95.6 MPH)
|
Batting: RHB Juan Figueroa
|
0-0: Ball 1-0: Called Strike 1-1: Called Strike 1-2: Ball 2-2: Foul Ball, location: 2F 2-2: Fly out, F8 (Flyball, 8LD, EV 108.1 MPH)
|
Batting: RHB Mike McElroy
|
0-0: Ball 1-0: Swinging Strike 1-1: Ground out 3-1 (Groundball, 34, EV 101.9 MPH)
|
Bottom of the 4th over - 0 runs, 0 hits, 0 errors, 0 left on base; Las Vegas 1 - Colorado Springs 0 |
TOP OF THE 5TH |
Las Vegas 51s batting - Pitching for Colorado Springs Sky Sox : RHP Victor Castillo
|
Batting: SHB Jason Larson
|
0-0: Swinging Strike 0-1: Ball 1-1: Ball 2-1: Ball 3-1: Base on Balls
|
Batting: RHB Ken Fitzpatrick
|
0-0: Grounds into double play, 4-6-3 (Groundball, 4, EV 107.5 MPH)
|
Batting: RHB Josh Jones
|
0-0: SINGLE (Flyball, 4D, EV 93.8 MPH)
|
Batting: LHB Bill Armijo
|
0-0: Called Strike 0-1: Ball Josh Jones is caught stealing 2nd base 2-6
|
Top of the 5th over - 0 runs, 1 hit, 0 errors, 0 left on base; Las Vegas 1 - Colorado Springs 0 |
BOTTOM OF THE 5TH |
Colorado Springs Sky Sox batting - Pitching for Las Vegas 51s : RHP Brian Wood
|
Batting: RHB Maurice Moore
|
0-0: Called Strike 0-1: Foul Ball, location: 2F 0-2: Ball 1-2: Ball 2-2: Strikes out swinging
|
Batting: SHB Bobby Santor
|
0-0: Ball 1-0: Swinging Strike 1-1: Swinging Strike 1-2: Ground out 6-3 (Groundball, 6, EV 106.2 MPH)
|
Batting: LHB Michael Krott
|
0-0: Ball 1-0: Ball 2-0: Fly out, F4 (Popup, 4, EV 67.5 MPH)
|
Bottom of the 5th over - 0 runs, 0 hits, 0 errors, 0 left on base; Las Vegas 1 - Colorado Springs 0 |
TOP OF THE 6TH |
Las Vegas 51s batting - Pitching for Colorado Springs Sky Sox : RHP Victor Castillo
|
Batting: LHB Bill Armijo
|
0-0: Fly out, F9 (Line Drive, 89M, EV 91.2 MPH)
|
Batting: SHB Nelson Powell
|
0-0: Swinging Strike 0-1: Ball 1-1: Swinging Strike 1-2: Ball 2-2: Strikes out swinging
|
Batting: LHB Jose Chavez
|
0-0: Called Strike 0-1: Foul Ball, location: 2F 0-2: Ball 1-2: Ball 2-2: Ball 3-2: Base on Balls
|
Batting: RHB Zhao-ying Joe
|
0-0: Ball 1-0: Foul Ball, location: 2F 1-1: Ball Jose Chavez is caught stealing 2nd base 2-4
|
Top of the 6th over - 0 runs, 0 hits, 0 errors, 0 left on base; Las Vegas 1 - Colorado Springs 0 |
BOTTOM OF THE 6TH |
Colorado Springs Sky Sox batting - Pitching for Las Vegas 51s : RHP Brian Wood
|
Batting: RHB Eduardo Camacho
|
0-0: Ball 1-0: Called Strike 1-1: Ball 2-1: Called Strike 2-2: Strikes out swinging
|
Batting: RHB John Boyer
|
0-0: DOUBLE (Flyball, 89D, EV 101.2 MPH)
|
Pitching: LHP Jonathan Gendron
|
|
Batting: LHB Luke Coulter
|
0-0: Swinging Strike 0-1: Ground out U3 (Groundball, 3, EV 76.2 MPH) John Boyer to third
|
Batting: LHB Greg Valenzuela
|
0-0: Foul Ball, location: 2F 0-1: Foul Ball, location: 2F 0-2: Ground out 4-3 (Groundball, 4, EV 90.0 MPH)
|
Bottom of the 6th over - 0 runs, 1 hit, 0 errors, 1 left on base; Las Vegas 1 - Colorado Springs 0 |
TOP OF THE 7TH |
Las Vegas 51s batting - Pitching for Colorado Springs Sky Sox : RHP Victor Castillo
|
Batting: RHB Zhao-ying Joe
|
0-0: Ball 1-0: Ball 2-0: Ball 3-0: Called Strike 3-1: Base on Balls
|
Pitching: RHP Sipi Kilpinen
|
|
Batting: RHB Roger Renteria
|
0-0: Bunt missed! 0-1: Sac Bunt to 2R - play at first, batter OUT! 2-3 Zhao-ying Joe to second
|
Batting: RHB Alex Vasquez
|
0-0: Called Strike 0-1: Ball 1-1: SINGLE (Line Drive, 8LS, EV 106.9 MPH) Zhao-ying Joe to third
|
Batting: SHB Jason Larson
|
0-0: Ball 1-0: Foul Ball, location: 2F 1-1: Fly out, F7 (Flyball, 8LM, EV 84.4 MPH) Runner from 3rd tags up, SCORES, throw by LF
|
Batting: RHB Ken Fitzpatrick
|
0-0: Ball 1-0: Foul Ball, location: 2F 1-1: Foul Ball, location: 2F 1-2: Foul Ball, location: 2F 1-2: Ball 2-2: Ball 3-2: Base on Balls Alex Vasquez to second
|
Batting: RHB Josh Jones
|
0-0: Foul Ball, location: 2F 0-1: Foul Ball, location: 2F 0-2: Ball 1-2: Ground out 5-3 (Groundball, 56S, EV 76.2 MPH)
|
Top of the 7th over - 1 run, 1 hit, 0 errors, 2 left on base; Las Vegas 2 - Colorado Springs 0 |
BOTTOM OF THE 7TH |
Colorado Springs Sky Sox batting - Pitching for Las Vegas 51s : LHP Jonathan Gendron
|
Batting: RHB Juan Figueroa
|
0-0: Called Strike 0-1: Swinging Strike 0-2: Ball 1-2: Strikes out swinging
|
Batting: RHB Mike McElroy
|
0-0: Ball 1-0: Foul Ball, location: 2F 1-1: Ball 2-1: Foul Ball, location: 2F 2-2: Ball 3-2: Base on Balls
|
Batting: RHB Maurice Moore
|
0-0: Ball 1-0: Foul Ball, location: 2F 1-1: SINGLE (Groundball, 6MD, EV 95.0 MPH) Mike McElroy to second Runner from 2nd tries for 3rd, SAFE, throw by CF made to third
|
Batting: SHB Bobby Santor
|
0-0: Ball 1-0: Called Strike Maurice Moore steals 2nd base 1-1: Called Strike 1-2: Ball 2-2: Ball 3-2: 3-RUN HOME RUN (Line Drive, 9D, EV 101.2 MPH), Distance : 390 ft
|
Pitching: RHP Thomas Clark
|
|
Batting: LHB Michael Krott
|
0-0: Ball 1-0: Called Strike 1-1: SINGLE (Groundball, 56D, EV 106.2 MPH)
|
Batting: RHB Eduardo Camacho
|
0-0: Ball 1-0: DOUBLE (Flyball, 78D, EV 113.8 MPH) Michael Krott to third
|
Batting: RHB John Boyer
|
0-0: Ground out 4-3 (Groundball, 4, EV 81.2 MPH)
|
Batting: LHB Luke Coulter
|
0-0: Ball 1-0: Foul Ball, location: 2F 1-1: Ball 2-1: Fly out, F6 (Popup, 6, EV 63.1 MPH)
|
Bottom of the 7th over - 3 runs, 4 hits, 0 errors, 2 left on base; Las Vegas 2 - Colorado Springs 3 |
TOP OF THE 8TH |
Las Vegas 51s batting - Pitching for Colorado Springs Sky Sox : RHP Sipi Kilpinen
|
Pitching: RHP Davon Ware
|
|
Batting: LHB Bill Armijo
|
0-0: Called Strike 0-1: Ball 1-1: Ball 2-1: Called Strike 2-2: Strikes out swinging
|
Batting: SHB Nelson Powell
|
0-0: Ball 1-0: Ball 2-0: Ground out 6-3 (Groundball, 6, EV 110.0 MPH)
|
Batting: LHB Jose Chavez
|
0-0: Ball 1-0: Ball 2-0: Ball 3-0: Called Strike 3-1: Swinging Strike 3-2: Base on Balls
|
Batting: RHB Zhao-ying Joe
|
|
Batting: SHB Harrison Feist
|
0-0: Foul Ball, location: 2F 0-1: Ball 1-1: Ball 2-1: Ball 3-1: Foul Ball, location: 2F 3-2: Foul Ball, location: 2F 3-2: Ground out 4-3 (Groundball, 4, EV 97.5 MPH)
|
Top of the 8th over - 0 runs, 0 hits, 0 errors, 1 left on base; Las Vegas 2 - Colorado Springs 3 |
BOTTOM OF THE 8TH |
Colorado Springs Sky Sox batting - Pitching for Las Vegas 51s : RHP Thomas Clark
|
Batting: LHB Greg Valenzuela
|
0-0: Ball 1-0: Ground out 4-3 (Groundball, 4, EV 83.8 MPH)
|
Batting: RHB Juan Figueroa
|
0-0: Foul Ball, location: 2F 0-1: Called Strike 0-2: Strikes out swinging
|
Batting: RHB Mike McElroy
|
0-0: Ball 1-0: Ground out 4-3 (Groundball, 34D, EV 105.0 MPH)
|
Bottom of the 8th over - 0 runs, 0 hits, 0 errors, 0 left on base; Las Vegas 2 - Colorado Springs 3 |
TOP OF THE 9TH |
Las Vegas 51s batting - Pitching for Colorado Springs Sky Sox : RHP Davon Ware
|
Pitching: RHP Jim Butler
|
|
Batting: RHB Roger Renteria
|
0-0: Swinging Strike 0-1: Fly out, F6 (Line Drive, 6, EV 66.2 MPH)
|
Batting: RHB Alex Vasquez
|
0-0: Called Strike 0-1: Called Strike 0-2: Ball 1-2: Strikes out looking
|
Batting: SHB Jason Larson
|
0-0: Swinging Strike 0-1: Called Strike 0-2: Strikes out swinging
|
Top of the 9th over - 0 runs, 0 hits, 0 errors, 0 left on base; Las Vegas 2 - Colorado Springs 3 |
|